 Dungeon Crawl Stone Soup version 0.30-a0-782-ge64f9170bb (console) character file.

Game seed: 5492597143523726111

4 utis the Sneak (level 1, -1/12 HPs)
             Began as a Tengu Wanderer on Feb 26, 2023.
             Slain by an endoplasm (3 damage)
             ... on level 1 of the Dungeon.
             The game lasted 00:01:29 (380 turns).

utis the Sneak (Tengu Wanderer)                      Turns: 380, Time: 00:01:30

Health: -1/12      AC:  3    Str: 12    XL:     1   Next: 70%
Magic:  2/2        EV: 11    Int: 14    God:
Gold:   13         SH:  0    Dex: 11    Spells: 0/0 levels left

rFire   . . .      SeeInvis .    a - +3 mace
rCold   . . .      Faith    .    (no shield)
rNeg    . . .      Spirit   .    h - +0 leather armour
rPois   .          Reflect  .    b - +0 hat
rElec   .          Harm     .    (no cloak)
rCorr   .          Rampage  .    (no gloves)
Will    .....                    (boots unavailable)
Stlth   ++                       (no amulet)
HPRegen 0.22/turn                (no ring)
MPRegen 0.08/turn                (no ring)

@: no status effects
A: beak, talons 3
a: no special abilities


You were on level 1 of the Dungeon.
You visited 1 branch of the dungeon, and saw 1 of its levels.

You collected 13 gold pieces.

Inventory:

Hand Weapons
 a - a +3 mace (weapon)
Armour
 b - a +0 hat (worn)
 d - a +0 robe
 h - a +0 leather armour (worn)
Jewellery
 f - an amulet of magic regeneration {@e1}
Scrolls
 g - a scroll of teleportation {unknown}
 i - a scroll of poison {unknown}
 j - a scroll of silence {unknown}
 k - a scroll of identify {unknown}
Potions
 c - a potion of lignification
 e - a potion of invisibility {unknown}


   Skills:
 + Level 2.2 Fighting
 - Level 3.2 Maces & Flails
 + Level 0.8 Dodging
 - Level 5.0 Stealth


You couldn't memorise any spells.
You didn't know any spells.
Your spell library was empty.

Dungeon Overview and Level Annotations

Branches:
Dungeon (1/15)

Altars:


Innate Abilities, Weirdness & Mutations

You have a beak for a mouth.
You have claws for feet.


Message History

You closely miss the goblin. The goblin hits you but does no damage.
You hit the goblin. You claw the goblin.
You kill the goblin!
No target in view!
You start resting.
HP restored.
Things that are here:
a +0 club; a goblin corpse You now have 13 gold pieces.
An endoplasm comes into view.
An endoplasm is nearby!
An endoplasm is nearby!
The endoplasm quivers.
You start waiting.
An endoplasm is nearby!
You hit the endoplasm.
The endoplasm is lightly wounded.
The endoplasm hits you. The endoplasm freezes you.
You are frozen.
* * * LOW HITPOINT WARNING * * *
You hit the endoplasm.
You claw the endoplasm, but do no damage.
You peck the endoplasm.
The endoplasm is almost dead.
The endoplasm hits you.
* * * LOW HITPOINT WARNING * * *
Press: ? - help, v - describe, . - travel
Here: an endoplasm (almost dead)
The floor.
Unknown command.
You hit the endoplasm but do no damage.
The endoplasm is almost dead.
The endoplasm freezes you.
You are frozen.
* * * LOW HITPOINT WARNING * * *
The endoplasm attacks as you move away! The endoplasm misses you.
The endoplasm attacks as you move away! The endoplasm barely misses you.
The endoplasm attacks as you move away! The endoplasm hits you.
You die...

░..........................
..░░░░░░░░░░░░░░░░░░░░░░░░░░.
...J.....░ ░. .░░░░░░░.░ ░.
░.░ ░. ░.░░░░░░░░░ ░.
░.........░░░░░ ░.
░░░░J.........░ ░░
░.Q........░ ░
░.░.░░░░..........░ ░
░........░░░░.░░░░░░░░░░░░
░░░.░░░░.░░░░.░ ░.......
.............░ ░.......
....░░░░..░░.░ ░....... ..
░░..░.░ ░.....). ░░.░.░░░
░.....░░ ░.....░░░.....░░


You could see an endoplasm.

Vanquished Creatures
  A giant cockroach (D:1)
  A goblin (D:1)
  A hobgoblin (D:1)
  A rat (D:1)
4 creatures vanquished.

Notes
Turn   | Place    | Note
-------+----------+-------------------------------------------
     0 | D:1      | utis the Tengu Wanderer began the quest for the Orb.
     0 | D:1      | utis set off with the following items: a +3 mace, a +0 hat,
                  | a potion of lignification, a +0 robe.
     0 | D:1      | Reached XP level 1. HP: 12/12 MP: 2/2
   380 | D:1      | Slain by an endoplasm

Illustrated notes

Levels and vault maps discovered:
D:1:      elethiomel_arrival_shortcut, layout_basic

Action                     || total
---------------------------++-------
  Melee: Mace              ||    12
         Kick              ||     3
         Peck              ||     1
 Armour: Leather armour    ||     1
  Dodge: Dodged            ||     3

Table legend: (Time is in decaauts)
 A = Elapsed time spent in this place.
 B = Non-inter-level travel time spent in this place.
 C = Inter-level travel time spent in this place.
 D = Time resting spent in this place.
 E = Time spent auto-exploring this place.
 F = Levels seen in this place.
 G = Mean time per level.
                   A        B        C        D        E       F      G
               +--------+--------+--------+--------+--------+-----+--------+
         Total |    382 |    382 |      0 |     39 |    232 |   1 |  382.0 |
       Dungeon |    382 |    382 |      0 |     39 |    232 |   1 |  382.0 |
               +--------+--------+--------+--------+--------+-----+--------+

Top non-repeatable levels by time:
     D:1: 382 daAuts
